 Dungeon Crawl Stone Soup version 0.31.0-11-ge490571c62 (webtiles) character file.

Game seed: 15224062743404283910

807 qw the Shooter (level 7, -2/35 HPs)
             Began as a Spriggan Hunter on Feb 3, 2024.
             Incinerated by a bombardier beetle (6 damage)
             ... with a burning spray
             ... on level 5 of the Dungeon.
             The game lasted 00:00:19 (4013 turns).

qw the Shooter (Spriggan Hunter)                    Turns: 4013, Time: 00:00:19

Health: -2/35      AC:  2    Str:  7    XL:     7   Next: 60%
Magic:  8/8        EV: 22    Int: 11    God:
Gold:   1156       SH:  5    Dex: 20    Spells: 6/6 levels left

rFire   . . .        a - +2 shortbow
rCold   + . .        (shield currently unavailable)
rNeg    . . .        g - +0 robe {rC+}
rPois   .            (helmet restricted)
rElec   .            (no cloak)
rCorr   .            (gloves unavailable)
SInv    +            (boots unavailable)
Will    +....        f - amulet of reflection
Stlth   +            (no ring)
HPRegen 0.25/turn    (no ring)
MPRegen 0.11/turn

%: reflection
@: on fire, glowing, very quick
A: very small, no large weapons, unfitting armour, see invisible, speed 3
a: no special abilities


You were on level 5 of the Dungeon.
You visited 2 branches of the dungeon, and saw 6 of its levels.

You collected 1156 gold pieces.


Innate Abilities, Weirdness & Mutations

You are very small and have problems with some larger weapons.
You are too small for most types of armour.
You have supernaturally acute eyesight. (SInv)
You cover ground extremely quickly. (Speed+++)


   Skills:
 - Level 2.1 Fighting
 + Level 7.8 Ranged Weapons
 - Level 7.1 Dodging
 - Level 1.5 Stealth


You had 6 spell levels left.
You didn't know any spells.
Your spell library was empty.

Inventory:

Hand Weapons
 a - a +2 shortbow (weapon)
Armour
 g - a +0 robe of cold resistance (worn)
Jewellery
 b - a ring of ice
 f - an amulet of reflection (around neck)
Wands
 h - a wand of flame (21)
Scrolls
 m - a scroll of teleportation
Potions
 c - a potion of degeneration {unknown}
 d - 4 potions of might
 i - 2 potions of curing
 j - a potion of mutation
 k - a potion of enlightenment
 l - a potion of attraction {unknown}

Dungeon Overview and Level Annotations

Branches:
Dungeon (5/15)             Temple (1/1) D:5

Altars:
Ashenzari
Cheibriados
Elyvilon
Fedhas
Hepliaklqana
Kikubaaqudgha
Makhleb
Nemelex Xobeh
Ru
Sif Muna
Trog
Uskayaw
Wu Jian
Xom
Yredelemnul
Zin


Message History

The arrow hits the iguana.
The iguana is moderately wounded.
You shoot an arrow. The arrow hits the iguana.
The iguana is heavily wounded.
You shoot an arrow. The arrow hits the iguana!
You kill the iguana!
Things that are here:
a +0 chain mail; a +1 flail of holy wrath A bombardier beetle comes into view.
You shoot an arrow. The arrow hits the bombardier beetle.
The bombardier beetle is moderately wounded.
You shoot an arrow. The arrow hits the bombardier beetle.
The bombardier beetle is severely wounded.
The bombardier beetle sprays incendiary fluid at you.
The burning spray hits you.
You are covered in liquid fire!
You shoot an arrow. The arrow hits the bombardier beetle.
The bombardier beetle is severely wounded.
The liquid fire burns you!
4005 ||| FLEEEEING.
You shake off some of the fire as you move.
The liquid fire burns you!
You are on fire!
The liquid fire burns you!
You are on fire!
The liquid fire burns you!
You are on fire!
The liquid fire burns you!
You shoot an arrow. The arrow hits the bombardier beetle!
You kill the bombardier beetle!
The liquid fire burns you!
You are on fire!
The liquid fire burns you!
You are on fire!
The liquid fire burns you!
You are on fire!
The liquid fire burns you!
You are on fire!
The liquid fire burns you!
You die...

# ##........<........#
# #.................#
## ##.......<........#
.# ##.......(....)..#
.# ##.............##
.## ##............#
#.#######.........###
..........#....#######
.###.[###.......@....#
###.....##########....#
#........### #....#
...........# .....#
...........# ...##
...........# B###
...........# #
.....>....##
........###


There were no monsters in sight!

Vanquished Creatures
  Edmund (D:5)
  An ice beast (D:4)
  A scorpion (D:5)
  3 hounds
  A bombardier beetle (D:5)
  A sleepcap (D:4)
  A gnoll bouda (D:5)
  5 iguanas
  6 gnolls
  7 adders
  3 ribbon worms
  4 dart slugs
  3 orcs
  7 endoplasms
  3 giant cockroaches (D:1)
  12 goblins
  11 hobgoblins
  7 jackals
  6 quokkas
  8 ball pythons
  6 bats
  6 frilled lizards
  6 kobolds
  8 rats
117 creatures vanquished.

Notes
Turn   | Place    | Note
-------+----------+-------------------------------------------
     0 | D:1      | qw the Spriggan Hunter began the quest for the Orb.
     0 | D:1      | Reached XP level 1. HP: 10/10 MP: 2/2
     0 | D:1      | 0 ||| qw: Version: 0.3-a-157-g843a77d
     0 | D:1      | 0 ||| qw: Game counter: 3674
     0 | D:1      | 0 ||| qw: Melee chars always use a shield: true
     0 | D:1      | 0 ||| qw: God list: Okawaru
     0 | D:1      | 0 ||| qw: Allow faded altars: false
     0 | D:1      | 0 ||| qw: Do Orc after clearing Dungeon:15 true
     0 | D:1      | 0 ||| qw: Do second Lair branch before Depths: true
     0 | D:1      | 0 ||| qw: Lair rune preference: random
     0 | D:1      | 0 ||| qw: Goals: Normal
     0 | D:1      | 0 ||| PLANNING D:1-11
    73 | D:1      | Reached skill level 3 in Dodging
    86 | D:1      | Reached XP level 2. HP: 14/14 MP: 3/3
   277 | D:1      | Reached XP level 3. HP: 16/18 MP: 4/4
   670 | D:1      | 670 ||| UPGRADING to amulet of reflection.
   675 | D:1      | 675 ||| READING 3 scrolls labelled WUGEMAJ BUINU.
   676 | D:1      | 676 ||| READING scroll labelled FEPARH HEDA.
   677 | D:1      | 677 ||| READING scroll labelled DECA DEIVYLOM.
   678 | D:1      | 678 ||| READING scroll labelled LABURI IRINACE.
   679 | D:1      | 679 ||| DRINKING 2 fuming sapphire potions.
   680 | D:1      | 680 ||| DROPPING scroll of butterflies.
   681 | D:1      | 681 ||| DROPPING 2 scrolls of fear.
  1044 | D:2      | Noticed a great orb of eyes
  1046 | D:2      | Found a faded altar of an unknown god.
  1049 | D:2      | 1049 ||| READING 2 scrolls labelled PID TIERILEOGH.
  1049 | D:2      | 1049 ||| IDENTIFYING bubbling cyan potion
  1054 | D:2      | Noticed a great orb of eyes
  1060 | D:2      | Noticed a great orb of eyes
  1111 | D:2      | Reached XP level 4. HP: 22/22 MP: 5/5
  1564 | D:2      | Noticed a shining eye
  1624 | D:2      | 1624 ||| READING scroll of identify.
  1624 | D:2      | 1624 ||| IDENTIFYING fuming golden potion
  1625 | D:2      | 1625 ||| READING scroll labelled YPAUBR YNIFAP.
  1625 | D:2      | 1625 ||| ENCHANTING +0 shortbow.
  1626 | D:2      | 1626 ||| READING scroll labelled TAWEPAE MYTEI.
  1668 | D:2      | 1668 ||| READING scroll labelled SONONE NU MAY.
  1669 | D:2      | 1669 ||| DROPPING potion of lignification.
  1892 | D:3      | Found a glowing silver altar of Zin.
  2063 | D:3      | HP: 4/23 [gnoll/+0 halberd (13)]
  2065 | D:3      | 2065 ||| FLEEEEING.
  2066 | D:3      | 2066 ||| FLEEEEING.
  2068 | D:3      | 2068 ||| FLEEEEING.
  2069 | D:3      | 2069 ||| FLEEEEING.
  2070 | D:3      | 2070 ||| FLEEEEING.
  2071 | D:3      | 2071 ||| FLEEEEING.
  2072 | D:3      | 2072 ||| FLEEEEING.
  2073 | D:3      | 2073 ||| FLEEEEING.
  2074 | D:3      | 2074 ||| FLEEEEING.
  2075 | D:3      | 2075 ||| STAIRDANCE
  2149 | D:2      | 2149 ||| READING scroll labelled WEHACA WUDUDYSK.
  2149 | D:2      | Identified a scroll of acquirement
  2149 | D:2      | 2149 ||| ACQUIRING 838 gold pieces
  2149 | D:2      | Acquired 838 gold pieces
  2151 | D:2      | 2151 ||| READING scroll labelled RAMPAXZ MAVEH.
  2161 | D:3      | HP: 2/23 [gnoll/+0 whip (7)]
  2165 | D:3      | Reached XP level 5. HP: 3/26 MP: 6/6
  2228 | D:3      | 2228 ||| STAIRDANCE
  2280 | D:3      | 2280 ||| READING scroll of enchant weapon.
  2280 | D:3      | 2280 ||| ENCHANTING +1 shortbow.
  2404 | D:4      | Noticed an ice beast
  2405 | D:4      | 2405 ||| RETREEEEATING.
  2413 | D:4      | 2413 ||| RETREEEEATING.
  2415 | D:4      | 2415 ||| RETREEEEATING.
  2416 | D:4      | 2416 ||| RETREEEEATING.
  2418 | D:4      | 2418 ||| RETREEEEATING.
  2420 | D:4      | 2420 ||| RETREEEEATING.
  2422 | D:4      | 2422 ||| RETREEEEATING.
  2424 | D:4      | 2424 ||| RETREEEEATING.
  2430 | D:4      | Killed an ice beast
  2431 | D:4      | Reached skill level 6 in Ranged Weapons
  2431 | D:4      | Reached XP level 6. HP: 17/30 MP: 7/7
  2700 | D:4      | Reached skill level 6 in Dodging
  2708 | D:4      | Found an ancient bone altar of Kikubaaqudgha.
  2894 | D:4      | 2894 ||| UPGRADING to +0 robe of cold resistance.
  2904 | D:4      | 2904 ||| DROPPING +0 robe.
  2905 | D:4      | 2905 ||| READING scroll labelled GESEDW PAOWOH.
  2922 | D:5      | Entered Level 5 of the Dungeon
  2955 | D:5      | Noticed Edmund
  2967 | D:5      | Killed Edmund
  2981 | D:5      | Reached XP level 7. HP: 35/35 MP: 8/8
  3036 | D:5      | 3036 ||| RETREEEEATING.
  3145 | D:5      | Found a basalt altar of Yredelemnul.
  3214 | D:5      | HP: 8/35 [poisoned by an adder]
  3362 | D:5      | Found a snail-covered altar of Cheibriados.
  3377 | D:5      | Found a staircase to the Ecumenical Temple.
  3378 | D:5      | 3378 ||| PLANNING TEMPLE
  3378 | D:5      | 3378 ||| READING scroll labelled GICKICOR DUEH.
  3479 | D:5      | 3479 ||| DRINKING 2 blue potions.
  3480 | D:5      | 3480 ||| DRINKING 2 viscous pink potions.
  3489 | Temple   | Entered the Ecumenical Temple
  3490 | Temple   | 3490 ||| PLANNING D:1-11
  4005 | D:5      | 4005 ||| FLEEEEING.
  4011 | D:5      | HP: 8/35 [burnt (4)]
  4013 | D:5      | Incinerated by a bombardier beetle

Levels and vault maps discovered:
D:1:      nzn_arrival_depleted_hourglass, layout_loops_ring, minmay_cut_off
D:2:      layout_basic, hellmonk_ecumenical_altar_watching_god,
          serial_bayou_pond_d
D:3:      layout_rooms, lemuel_tele_altar
D:4:      layout_rooms, lemuel_doored_altar
D:5:      layout_cave_pods, yredelemnul_altar_generic, cheibriados_altar_1,
          minmay_temple_entry_sparse_star, mrwooster_statue_mirror, uniq_edmund
Temple:   minmay_temple_forest_path

Skill      XL: |  1  2  3  4  5  6  7 |
---------------+----------------------+-----
Dodging        | 3 4 5 6 7 |  7.1
Ranged Weapons | 5 6 7 |  7.8
Fighting       | 2 |  2.1
Stealth        | |  1.5

Action                     |  1- 3 |  4- 6 |  7- 9 || total
---------------------------+-------+-------+-------++-------
   Fire: Shortbow          |   116 |   181 |    85 ||   382
    Use: Scroll            |     5 |     8 |     1 ||    14
         Potion            |     1 |       |     2 ||     3
 Armour: Robe              |    14 |    13 |    12 ||    39
  Dodge: Dodged            |    30 |    50 |    47 ||   127
  Block: Other             |     2 |    16 |     8 ||    26

Table legend:
 A = Non-vault XP
 B = Vault XP
 C = Vault XP percentage of total XP
 D = Non-vault monster count
 E = Vault monster count
 F = Vault count percentage of total count
                 A         B        C        D         E       F
            +---------+---------+-------+---------+---------+-------
      Total |     980 |     174 |  15.1 |     112 |       5 |   4.3
            +---------+---------+-------+---------+---------+-------
        D:1 |      54 |      10 |  15.6 |      30 |       4 |  11.8
        D:2 |      70 |       0 |   0.0 |      25 |       0 |   0.0
        D:3 |      84 |       0 |   0.0 |      19 |       0 |   0.0
        D:4 |     322 |       0 |   0.0 |      21 |       0 |   0.0
        D:5 |     450 |     164 |  26.7 |      17 |       1 |   5.6
            +---------+---------+-------+---------+---------+-------
